 Dungeon Crawl Stone Soup version 0.30.1-3-gfc49f6343a (webtiles) character file.

Game seed: 4415794763779659481

268 spardeous the Conjurer (level 5, -1/38 HPs)
             Began as a Demigod Conjurer on Aug 9, 2023.
             Killed by divine providence
             ... invoked by an orc priest
              (13 damage)
             ... on level 4 of the Dungeon.
             The game lasted 00:02:49 (3832 turns).

spardeous the Conjurer (Demigod Conjurer)           Turns: 3832, Time: 00:02:50

Health: -1/38      AC: 10    Str: 14    XL:     5   Next: 68%
Magic:  1/10       EV: 10    Int: 24    God:
Gold:   186        SH:  0    Dex: 12    Spells: 4/7 levels left

rFire   . . .        t - staff of poison
rCold   . . .        (no shield)
rNeg    . . .        n - +5 ring mail "Apponoh" {Stlth+}
rPois   +            (no helmet)
rElec   .            (no cloak)
rCorr   .            (no gloves)
SInv    .            (no boots)
Will    .....        (no amulet)
Stlth   ++           c - ring of poison resistance
HPRegen 0.26/turn    k - +6 ring of strength
MPRegen 0.12/turn

%: no passive effects
@: no status effects
A: high MP 1, forlorn, divine attributes
a: no special abilities


You were on level 4 of the Dungeon.
You visited 1 branch of the dungeon, and saw 4 of its levels.

You collected 186 gold pieces.

Inventory:

Armour
 n - the +5 ring mail "Apponoh" (worn) {Stlth+}
   (You found it on level 2 of the Dungeon)

   Stlth:     It makes you more stealthy.
Magical Staves
 t - a staff of poison (weapon)
Jewellery
 c - a ring of poison resistance (left hand)
 k - a +6 ring of strength (right hand)
Wands
 u - a wand of polymorph (4)
Scrolls
 d - a scroll of brand weapon {unknown}
 e - a scroll of enchant armour {unknown}
 g - 4 scrolls of teleportation {unknown}
 i - 3 scrolls of identify {unknown}
 j - a scroll of acquirement {unknown}
 o - 2 scrolls of noise {unknown}
 p - a scroll of magic mapping {unknown}
 q - a scroll of immolation {unknown}
 r - a scroll of blinking {unknown}
Potions
 a - a potion of mutation {unknown}
 b - 2 potions of magic
 f - a potion of curing
 h - 2 potions of heal wounds {unknown}
 l - 3 potions of might {unknown}
 m - 3 potions of brilliance {unknown}
 s - a potion of berserk rage {unknown}
 v - a potion of haste {unknown}


   Skills:
 - Level 1.7 Dodging
 - Level 1.7 Stealth
 - Level 1.7 Spellcasting
 + Level 6.6 Conjurations


You had 4 spell levels left.
You knew the following spells:

 Your Spells              Type           Power      Damage    Failure   Level
a - Magic Dart            Conj           100%       1d8       1%          1
b - Searing Ray           Conj           68%        2d6       2%          2

Your spell library contained the following spells:

 Spells                   Type           Power      Damage    Failure   Level
 Dazzling Flash           Conj/Hex       36%        N/A       19%         3
 Hailstorm                Conj/Ice       18%        3d6       19%         3
 Fulminant Prism          Conj/Hex       9%         3d7       54%         4
 Iskenderun's Mystic Bla  Conj/Tloc      18%        2d6       54%         4
 Volatile Blastmotes      Fire/Tloc      4%         2d10      58%         3
 Ice Form                 Ice/Tmut       2%         N/A       94%         4
 Simulacrum               Ice/Necr       1%         N/A       100%        6
 Starburst                Conj/Fire      9%         6d5       100%        6


Dungeon Overview and Level Annotations

Branches:
Dungeon (4/15)
 Temple: D:4-7

Shops:
D:3 (**


Innate Abilities, Weirdness & Mutations

You have an increased reservoir of magic. (+10% MP)
You shall have no god before yourself.
Your divine heritage dramatically boosts your attributes as you level up.


Message History

You kill the orc priest!
The searing ray hits something!
The searing ray hits the orc priest.
The orc priest is heavily wounded.
The orc priest mumbles some strange prayers to Beogh against you.
Beogh smites you!
* * * LOW HITPOINT WARNING * * *
You take 14 damage, and have 1/38 hp.
MASSIVE DAMAGE!!
You now have 4/10 mp.
It was a potion of curing.
You feel better.
The orc priest calls upon Beogh to heal the orc priest. x2
The orc priest is healed somewhat.
You regained 9 hp, and now have 10/38 hp.
You feel better.
The orc priest hits you with a +0 flail.
* * * LOW HITPOINT WARNING * * *
You regained 6 hp, and now have 16/38 hp.
Unknown command.
Casting: Searing Ray (safe; 2% risk of failure)
Confirm with . or Enter, or press ? or * to list all spells.
Aiming: Searing Ray (safe; 2% risk of failure)
Press: ? - help, Shift-Dir - straight line, f - orc priest
Aim: an orc priest, wielding a +0 flail and wearing a +0 leather armour (81% to hit)
The searing ray hits the orc priest.
The orc priest is lightly wounded.
The searing ray hits something. (Press . to maintain the ray.)
The orc priest hits you with a +0 flail.
* * * LOW HITPOINT WARNING * * *
You take 5 damage, and have 11/38 hp.
You now have 2/10 mp.
The searing ray hits the orc priest!
The orc priest is severely wounded.
The orc priest calls upon Beogh to heal the orc priest.
The orc priest is healed somewhat.
The orc priest barely misses you.
The searing ray hits the orc priest!
The orc priest is severely wounded.
The searing ray hits something.
Reactivating autopickup.
You feel a bit more experienced.
The orc priest mumbles some strange prayers to Beogh against you.
Beogh smites you!
You die...

#.. #.#.........#.# #.#
#######.#.#######.#.# #.#
#...............#.#.#
##.###.#####.#.#...#.#.#.#
.......# #.#.#.......#.#
....###########...####.#.###
.........##$..##.......#.#.#
.....#####.8.8o#######.#...#
.....#...#_.$.)o@........#.#
....(#...#.8.8o#.......###.#
.##..##.###$$$######.......#.#
.....#....#####..............#
###..#.##..#...#######.#######
####).....(....# #.........#
.....#....#..#.# #[#.#.#.#(#
####.#########.# ##.......##
#.# #.......# ###.#.###


You could see 3 orc priests.

Vanquished Creatures
  A black bear (D:4)
  A hound (D:4)
  An orc priest (D:4)
  An orc wizard (D:4)
  5 adders
  An ufetubus (D:4)
  A worm (D:3)
  2 dart slugs (D:2)
  2 orcs
  2 ball pythons
  6 endoplasms
  3 giant cockroaches (D:2)
  6 goblins
  3 hobgoblins
  9 jackals
  A quokka (D:3)
  4 bats
  4 frilled lizards
  6 kobolds
  8 rats
67 creatures vanquished.

Notes
Turn   | Place    | Note
-------+----------+-------------------------------------------
     0 | D:1      | spardeous the Demigod Conjurer began the quest for the Orb.
     0 | D:1      | Reached XP level 1. HP: 14/14 MP: 5/5
   286 | D:1      | Reached skill level 4 in Conjurations
   771 | D:2      | Reached XP level 2. HP: 20/20 MP: 0/7
  1217 | D:2      | Reached XP level 3. HP: 26/26 MP: 5/8
  1510 | D:2      | Identified the +5 ring mail "Apponoh" {Stlth+}
  1686 | D:2      | Learned a level 2 spell: Searing Ray
  1740 | D:3      | Reached skill level 5 in Conjurations
  1995 | D:3      | Found Iggocrac's Assorted Antiques.
  2263 | D:3      | Reached XP level 4. HP: 33/33 MP: 5/9
  2778 | D:3      | Found Tuloitia's Weapon Shoppe.
  2824 | D:3      | Found Namumaad's General Store.
  3197 | D:4      | Noticed a black bear
  3202 | D:4      | Killed a black bear
  3203 | D:4      | Reached skill level 6 in Conjurations
  3203 | D:4      | Reached XP level 5. HP: 38/38 MP: 4/10
  3827 | D:4      | HP: 1/38 [orc priest/divine providence (15)]
  3832 | D:4      | Killed from afar by an orc priest

Illustrated notes

Levels and vault maps discovered:
D:1:      minmay_arrival_glassed_features, layout_basic,
          shapermc_ecumenical_altar_venn, bh_walls_and_bars
D:2:      layout_basic, basic_altar
D:3:      layout_loops_corners, serial_glass, glass_columns_a, glass_columns_b,
          glass_columns_c, glass_columns_b, glass_columns_a, glass_columns_a,
          glass_columns_a, glass_columns_a, glass_columns_a, glass_columns_b,
          serial_shops, nicolae_shop_advertising_works
          [nicolae_subvault_shop_adworks],
          nicolae_shop_competitors_out_of_business, nicolae_square_shop,
          ebering_dispersal_statue_hall, minmay_puff
D:4:      minmay_spotlight, layout_basic, kennysheep_orc_chapel

Skill      XL: |  1  2  3  4 |
---------------+-------------+-----
Conjurations   | 4 5 6 |  6.6
Dodging        | |  1.7
Stealth        | |  1.7
Spellcasting   | |  1.7

Action                     |  1- 3 |  4- 6 || total
---------------------------+-------+-------++-------
   Cast: Magic Dart        |    86 |    42 ||   128
         Searing Ray       |     2 |     3 ||     5
    Use: Potion            |       |     2 ||     2
 Armour: Robe              |     1 |       ||     1
         Ring mail         |     4 |     3 ||     7
  Dodge: Dodged            |    12 |     6 ||    18
